 Dungeon Crawl Stone Soup version 0.21-a0-625-g1119ec1 (webtiles) character file.

60 tidbits the Digger (level 4, -5/32 HPs)
             Began as a Gnoll Earth Elementalist on Dec 24, 2017.
             Killed from afar by an orc wizard (10 damage)
             ... with a magic dart
             ... on level 5 of the Dungeon.
             The game lasted 00:04:17 (511 turns).

tidbits the Digger (Gnoll Earth Elementalist)        Turns: 511, Time: 00:04:18

Health: -5/32      AC:  2    Str: 11    XL:     4   Next: 4%
Magic:  5/11       EV: 20    Int: 18    God:
Gold:   78         SH:  0    Dex: 20    Spells: 10/13 levels left

rFire    . . .     SeeInvis .   l - -2 whip (curse)
rCold    + . .     Gourm    .   (no shield)
rNeg     . . .     Faith    .   c - +0 robe
rPois    .         Spirit   .   (no helmet)
rElec    .         Reflect  .   (no cloak)
rCorr    .         Harm     .   (no gloves)
MR       .....                  (no boots)
Stlth    ++++......             (no amulet)
HPRegen  0.10/turn              q - ring of protection from cold
MPRegen  0.12/turn              (no ring)

@: agile
A: distributed training, fangs 1, strong nose
a: no special abilities


You were on level 5 of the Dungeon.
You were not hungry.

You visited 1 branch of the dungeon, and saw 5 of its levels.

You collected 78 gold pieces.

Inventory:

Hand Weapons
 l - a cursed -2 whip (weapon)
 m - a +0 short sword
 n - a +0 dagger
Missiles
 b - 2 stones (quivered)
 i - 4 tomahawks
 j - 10 arrows
Armour
 c - a +0 robe (worn)
 f - a +0 ring mail
Jewellery
 q - a ring of protection from cold (left hand)
   (You found it on level 5 of the Dungeon)
Scrolls
 a - a scroll of fear {unknown}
 g - 2 scrolls of identify {unknown}
 h - a scroll of enchant weapon {unknown}
Potions
 k - a potion of resistance {unknown}
 o - a potion of agility
 p - a potion of curing {unknown}
Books
 e - a book of Geomancy

   Spells                             Type                      Level
   a - Sandblast                      Earth                        1
   b - Passwall                       Transmutation/Earth          2
   c - Stone Arrow                    Conjuration/Earth            3
   d - Petrify                        Transmutation/Earth          4
   e - Lee's Rapid Deconstruction     Earth                        5
Comestibles
 d - 3 rations


   Skills:
 + Level 1.0 Fighting
 + Level 1.0 Short Blades
 + Level 1.0 Long Blades
 + Level 1.0 Axes
 + Level 1.0 Maces & Flails
 + Level 1.0 Polearms
 + Level 1.0 Staves
 + Level 1.0 Slings
 + Level 1.0 Bows
 + Level 1.0 Crossbows
 + Level 1.0 Throwing
 + Level 1.0 Armour
 + Level 4.6 Dodging
 + Level 4.2 Stealth
 + Level 1.0 Shields
 + Level 1.0 Unarmed Combat
 + Level 5.0 Spellcasting
 + Level 0.7 Conjurations
 + Level 0.7 Hexes
 + Level 0.7 Charms
 + Level 0.7 Summonings
 + Level 0.7 Necromancy
 + Level 0.7 Translocations
 + Level 2.2 Transmutations
 + Level 0.7 Fire Magic
 + Level 0.7 Ice Magic
 + Level 0.7 Air Magic
 + Level 5.4 Earth Magic
 + Level 0.7 Poison Magic
 + Level 1.1 Invocations
 + Level 1.0 Evocations


You had 10 spell levels left.
You knew the following spells:

 Your Spells              Type           Power        Failure   Level  Hunger
a - Sandblast             Erth           ###...       1%          1    None
p - Passwall              Tmut/Erth      ###.......   4%          2    #......


Dungeon Overview and Level Annotations

Branches:
Dungeon (5/15)
 Temple: D:4-7

Altars:
The Shining One

Annotations:
D:2 Robin


Innate Abilities, Weirdness & Mutations

Your experience applies equally to all skills.
You have very sharp teeth.
Your uncanny sense of smell can sniff out nearby items.


Message History

Your Maces & Flails skill increases to level 1!
Your Polearms skill increases to level 1!
Your Staves skill increases to level 1!
Your Slings skill increases to level 1!
Your Bows skill increases to level 1!
Your Crossbows skill increases to level 1!
Your Throwing skill increases to level 1!
Your Armour skill increases to level 1!
Your Shields skill increases to level 1!
Your Unarmed Combat skill increases to level 1!
Your Evocations skill increases to level 1!
b - 7 stones The jackal barks!
A howler monkey skeleton comes into view.
An orc priest comes into view. It is wielding a hand axe.
The orc priest shouts!
You hear a shout!
The orc priest invokes the aid of Beogh against you.
Beogh smites you!
An orc comes into view.
The orc shouts!
An orc wizard comes into view. It is wielding a dagger.
Found 11 gold pieces.
A jackal comes into view.
Found 6 bolts and 2 glowing brown potions.
The jackal bites you.
You open the door. The jackal bites you. The jackal misses you.
There is an open door here.
The jackal closely misses you.
Casting: Sandblast
Confirm with . or Enter, or press ? or * to list all spells.
Aiming: Sandblast
Press: ? - help, Shift-Dir - straight line, f - jackal
Aim: a jackal The blast of sand hits the jackal.
You kill the jackal!
b - 6 stones The jackal barks!
Casting: Sandblast
Confirm with . or Enter, or press ? or * to list all spells.
Aiming: Sandblast
Press: ? - help, Shift-Dir - straight line, f - jackal
Aim: a jackal The blast of sand hits the jackal.
You kill the jackal!
b - 5 stones A jackal comes into view.
You see here 6 bolts.
You see here 2 glowing brown potions.
It was a potion of agility.
You feel agile all of a sudden. The jackal completely misses you.
Casting: Sandblast
Confirm with . or Enter, or press ? or * to list all spells.
Aiming: Sandblast
Press: ? - help, Shift-Dir - straight line, f - jackal
Aim: a jackal The blast of sand hits the jackal.
You kill the jackal!
You have reached level 4!
You feel stronger.
b - 4 stones
o - a potion of agility You open the door.
Found a puce potion and a ruby ring.
There is an open door here.
You close the door.
An orc opens the door.
You see here a puce potion.
Casting: Sandblast
Confirm with . or Enter, or press ? or * to list all spells.
Aiming: Sandblast
Press: ? - help, Shift-Dir - straight line, f - orc
Aim: an orc The blast of sand hits the orc.
You kill the orc!
b - 3 stones
p - a puce potion You see here a ruby ring.
q - a ruby ring Put on which piece of jewellery? (? for menu, Esc to quit)
q - a ring of protection from cold (left hand)
There is an open door here.
As you open the door, it creaks loudly!
You hear a shout! x2
The orc priest mumbles some strange prayers to Beogh against you.
Beogh smites you!
* * * LOW HITPOINT WARNING * * *
There is an open door here.
An orc wizard comes into view. It is wielding a dagger.
Casting: Sandblast
Confirm with . or Enter, or press ? or * to list all spells.
Aiming: Sandblast
Press: ? - help, Shift-Dir - straight line, f - howler monkey skeleton
Aim: a howler monkey skeleton The blast of sand hits the howler monkey skeleton.
The howler monkey skeleton is heavily damaged.
b - 2 stones The howler monkey skeleton hits you.
* * * LOW HITPOINT WARNING * * *
The orc wizard casts a spell at you. The magic dart hits you!
You die...

#############
######...........##.....#
#........................#
#..####'###......)........#
#8..#†..8#..........Z...#
#....#...#..............Z
#...#....#..............#
##.#.#.#.@Z.............#
+.#.#(#.##..............#
#....#...#!............#
#...#....#.....##<....##
#8...#..8#.#...########
#...###†####..###.....
##............# #.....
####.###h$..## #.ooo...
#....................


You could see 2 orc wizards and a howler monkey skeleton.

Vanquished Creatures
  2 adders
  An ooze (D:2)
  A leopard gecko (D:1)
  5 orcs
  2 bats (D:3)
  A giant cockroach (D:3)
  2 goblins
  2 hobgoblins
  3 jackals (D:5)
  A kobold (D:3)
  2 quokkas (D:2)
  A ball python (D:3)
  3 frilled lizards
  5 rats
31 creatures vanquished.

Notes
Turn   | Place    | Note
-------+----------+-------------------------------------------
     0 | D:1      | tidbits the Gnoll Earth Elementalist began the quest for the Orb.
     0 | D:1      | Reached XP level 1. HP: 13/13 MP: 6/6
   110 | D:2      | Reached skill level 2 in Transmutations
   118 | D:2      | Reached XP level 2. HP: 19/19 MP: 2/7
   122 | D:2      | Learned a level 2 spell: Passwall
   155 | D:3      | Found a glowing golden altar of the Shining One.
   245 | D:3      | Reached XP level 3. HP: 15/25 MP: 1/9
   257 | D:3      | Reached skill level 5 in Spellcasting
   301 | D:3      | Reached skill level 1 in Invocations
   346 | D:2      | Noticed Robin
   460 | D:5      | Entered Level 5 of the Dungeon
   464 | D:5      | Reached skill level 1 in Fighting
   464 | D:5      | Reached skill level 1 in Short Blades
   464 | D:5      | Reached skill level 1 in Long Blades
   464 | D:5      | Reached skill level 1 in Axes
   464 | D:5      | Reached skill level 1 in Maces & Flails
   464 | D:5      | Reached skill level 1 in Polearms
   464 | D:5      | Reached skill level 1 in Staves
   464 | D:5      | Reached skill level 1 in Slings
   464 | D:5      | Reached skill level 1 in Bows
   464 | D:5      | Reached skill level 1 in Crossbows
   464 | D:5      | Reached skill level 1 in Throwing
   464 | D:5      | Reached skill level 1 in Armour
   464 | D:5      | Reached skill level 1 in Shields
   464 | D:5      | Reached skill level 1 in Unarmed Combat
   464 | D:5      | Reached skill level 1 in Evocations
   487 | D:5      | Reached XP level 4. HP: 20/32 MP: 4/11
   511 | D:5      | Killed from afar by an orc wizard

Vault maps used:
D:1:      elethiomel_arrival_fortress_basement, cheibriados_altar_1
D:2:      chequers_ecumenical_altar_island, uniq_robin
D:3:      tso_metal_star
D:4:      first_ration
D:5:      wad_lake_hut, minivault_1, grunt_ministairs_6

Skill      XL: |  1  2  3 |
---------------+----------+-----
Transmutations | 2 |  2.2
Spellcasting   | 5 |  5.0
Invocations    | 1 |  1.1
Fighting       | 1 |  1.0
Short Blades   | 1 |  1.0
Long Blades    | 1 |  1.0
Axes           | 1 |  1.0
Maces & Flails | 1 |  1.0
Polearms       | 1 |  1.0
Staves         | 1 |  1.0
Slings         | 1 |  1.0
Bows           | 1 |  1.0
Crossbows      | 1 |  1.0
Throwing       | 1 |  1.0
Armour         | 1 |  1.0
Shields        | 1 |  1.0
Unarmed Combat | 1 |  1.0
Evocations     | 1 |  1.0
Dodging        | |  4.6
Stealth        | |  4.2
Conjurations   | |  0.7
Hexes          | |  0.7
Charms         | |  0.7
Summonings     | |  0.7
Necromancy     | |  0.7
Translocations | |  0.7
Fire Magic     | |  0.7
Ice Magic      | |  0.7
Air Magic      | |  0.7
Earth Magic    | |  5.4
Poison Magic   | |  0.7

Action                   |  1- 3 |  4- 6 || total
-------------------------+-------+-------++-------
 Cast: Sandblast         |    37 |     3 ||    40
  Use: Potion            |     1 |       ||     1
Armor: Robe              |     1 |       ||     1
Dodge: Dodged            |    12 |       ||    12

Table legend:
 A = Spawn XP
 B = Non-spawn XP
 C = Spawn XP percentage of total XP
 D = Spawn monster count
 E = Non-spawn monster count
 F = Spawn count percentage of total count
 G = Total turns spent on level
                    A         B        C        D         E        F      G
               +---------+---------+-------+---------+---------+-------+---------
         Total |       0 |      86 |   0.0 |       0 |      31 |   0.0 |   511
               +---------+---------+-------+---------+---------+-------+---------
           D:1 |       0 |       3 |   0.0 |       0 |       1 |   0.0 |   100
           D:2 |       0 |      17 |   0.0 |       0 |       7 |   0.0 |   105
           D:3 |       0 |      42 |   0.0 |       0 |      16 |   0.0 |   227
           D:4 |       0 |       2 |   0.0 |       0 |       2 |   0.0 |    28
           D:5 |       0 |      22 |   0.0 |       0 |       5 |   0.0 |    51
               +---------+---------+-------+---------+---------+-------+---------

Table legend:
 A = Turns spent in this place as a percentage of turns spent in the entire game.
 B = Non-inter-level travel turns spent in this place as a percentage of non-inter-level travel turns spent in the entire game.
 C = Inter-level travel turns spent in this place as a percentage of turns spent in this place.
 D = Turns resting spent in this place as a percentage of non-inter-level travel turns spent in this place.
 E = Turns spent auto-exploring this place as a percentage of non-inter-level travel turns spent in this place.
 F = Non-inter-level travel turns spent in this place divided by the number of levels of this place that you've seen.
                   A       B       C       D       E      F
               +-------+-------+-------+-------+-------+----------------------
         Total | 100.0 | 100.0 |   0.0 |   1.2 |   0.0 | 102.2
       Dungeon | 100.0 | 100.0 |   0.0 |   1.2 |   0.0 | 102.2
               +-------+-------+-------+-------+-------+----------------------

Table legend:
 A = Kills in this place as a percentage of kills in entire the game.
 B = Kills by you in this place as a percentage of kills by you in the entire game.
 C = Kills by friends in this place as a percentage of kills by friends in the entire game.
 D = Other kills in this place as a percentage of other kills in the entire game.
 E = Experience gained in this place as a percentage of experience gained in the entire game.
 F = Experience gained in this place divided by the number of levels of this place that you have seen.
                   A       B       C       D       E      F
               +-------+-------+-------+-------+-------+----------------------
         Total | 100.0 | 100.0 |   N/A |   N/A | 100.0 |  17.2
       Dungeon | 100.0 | 100.0 |   N/A |   N/A | 100.0 |  17.2
               +-------+-------+-------+-------+-------+----------------------

Vault maps used:
D:1:      elethiomel_arrival_fortress_basement, cheibriados_altar_1
D:2:      chequers_ecumenical_altar_island, uniq_robin
D:3:      tso_metal_star
D:4:      first_ration
D:5:      wad_lake_hut, minivault_1, grunt_ministairs_6
